General information
			
			
        
        - name: 1v1 obs epic games.
 
        - type: Custom game
 
        - host: valeri.
 
        - saver: Gobiner
 
        
map: EchoIsles 
        - players: 11
 
        - length: 24:19
 
        - speed: Fast
 - version: 1.22 W3XP
 - replay type:  Public
 
» download(76 KB)
Players
        team 1 (loser) 
              
              
kunt.roII (
red | 99 APM | 2393 actions | 24:16)
              
 8 Dark Ranger 
 3 Black Arrow
 3 Silence
 1 Charm
 1 Life Drain
 
                » actions 
                
                | Assign group hotkey | 69 |  | 
| Basic commands | 75 |  | 
| Build / train | 74 |  | 
| ESC pressed | 4 |  | 
| Enter build submenu | 38 |  | 
| Enter hero's abilities submenu | 8 |  | 
| Give item / drop item | 5 |  | 
| Right click | 869 |  | 
| Select / deselect | 414 |  | 
| Select group hotkey | 663 |  | 
| Use ability | 174 |  | 
                2393 total
 » units 
                
                | Peon | 22 |  | 
| Troll Witch Doctor | 3 |  | 
| Shaman | 3 |  | 
| Spirit Walker | 4 |  | 
| Demolisher | 11 |  | 
                43 total
 » upgrades
                
                | Witch Doctor Training | 2 |  | 
| Shaman Training | 2 |  | 
| Spirit Walker Training | 2 |  | 
| Ranged Weapons | 2 |  | 
| Burning Oil | 1 |  | 
                9 total
 » buildings
                
                | Altar of Storms | 1 |  | 
| Orc Burrow | 7 |  | 
| War Mill | 1 |  | 
| Watch Tower | 9 |  | 
| Stronghold | 2 |  | 
| Voodoo Lounge | 1 |  | 
| Spirit Lodge | 4 |  | 
| Fortress | 1 |  | 
| Great Hall | 1 |  | 
| Barracks | 6 |  | 
| Town Hall | 1 |  | 
                34 total
 » build order
                00:07 Altar of Storms
00:16 Orc Burrow
00:40 War Mill
02:31 Watch Tower
02:39 Stronghold
02:40 Stronghold
03:07 Orc Burrow
03:33 Orc Burrow
04:26 Voodoo Lounge
05:03 Spirit Lodge
05:04 Fortress
05:07 Spirit Lodge
05:09 Spirit Lodge
05:45 Orc Burrow
06:31 Spirit Lodge
07:49 Watch Tower
11:33 Watch Tower
11:34 Watch Tower
11:35 Watch Tower
11:37 Great Hall
11:41 Barracks
11:53 Watch Tower
12:16 Watch Tower
12:19 Barracks
13:05 Watch Tower
13:08 Barracks
13:11 Barracks
13:54 Watch Tower
15:10 Barracks
15:12 Barracks
15:16 Orc Burrow
15:17 Orc Burrow
16:56 Orc Burrow
18:45 Town Hall
» items
                
                | Lesser Clarity Potion | 2 |  | 
| Scroll of Speed | 1 |  | 
| Potion of Healing | 1 |  | 
| Potion of Lesser Invulnerability | 1 |  | 
| Scroll of Healing | 1 |  | 
| Talisman of Evasion | 1 |  | 
| Scroll of Town Portal | 1 |  | 
| Potion of Mana | 1 |  | 
                9 total
  
               team 2 (winner) 
              
              
Gobiner (
blue | 54 APM | 1320 actions | 24:19)
              
 5 Mountain King 
 3 Bash
 2 Storm Bolt
 
                » actions 
                
                | Assign group hotkey | 13 |  | 
| Basic commands | 27 |  | 
| Build / train | 79 |  | 
| ESC pressed | 1 |  | 
| Enter build submenu | 24 |  | 
| Enter hero's abilities submenu | 5 |  | 
| Give item / drop item | 3 |  | 
| Right click | 534 |  | 
| Select / deselect | 275 |  | 
| Select group hotkey | 268 |  | 
| Use ability | 91 |  | 
                1320 total
 » units 
                
                | Peasant | 15 |  | 
| Sorceress | 1 |  | 
| Priest | 1 |  | 
| Flying Machine | 17 |  | 
                34 total
 » upgrades
                
                | Masonry | 2 |  | 
| Magic Sentry | 1 |  | 
| Sorceress Training | 1 |  | 
| Backpack | 1 |  | 
| Gunpowder | 3 |  | 
| Plating | 3 |  | 
| Flak Cannons | 1 |  | 
| Flying Machine Bombs | 1 |  | 
                13 total
 » buildings
                
                | Altar of Kings | 2 |  | 
| Farm | 8 |  | 
| Lumber Mill | 1 |  | 
| Arcane Vault | 1 |  | 
| Scout Tower | 12 |  | 
| Arcane Tower | 11 |  | 
| Keep | 1 |  | 
| Arcane Sanctum | 1 |  | 
| Castle | 1 |  | 
| Blacksmith | 1 |  | 
| Workshop | 3 |  | 
                42 total
 » build order
                00:07 Altar of Kings
00:13 Farm
00:14 Farm
01:06 Lumber Mill
01:19 Farm
02:00 Arcane Vault
02:34 Scout Tower
03:02 Arcane Tower
03:02 Arcane Tower
03:28 Scout Tower
04:02 Arcane Tower
04:04 Scout Tower
04:07 Scout Tower
04:33 Arcane Tower
04:43 Keep
04:56 Arcane Tower
04:59 Scout Tower
05:00 Scout Tower
05:28 Arcane Tower
05:48 Farm
05:49 Farm
05:50 Farm
05:51 Farm
06:27 Arcane Tower
07:05 Arcane Sanctum
07:09 Castle
08:57 Blacksmith
09:19 Farm
10:26 Workshop
10:27 Workshop
10:28 Workshop
12:16 Scout Tower
12:23 Scout Tower
12:24 Scout Tower
13:11 Arcane Tower
13:15 Scout Tower
13:17 Scout Tower
14:29 Arcane Tower
14:43 Arcane Tower
17:39 Scout Tower
18:11 Arcane Tower
23:35 Altar of Kings
» items
                
                | Lesser Clarity Potion | 5 |  | 
| Scroll of Regeneration | 3 |  | 
| Boots of Speed | 1 |  | 
| Staff of Teleportation | 1 |  | 
| Gloves of Haste | 1 |  | 
                11 total
  
               observersvaleri., 
lunariax, 
Mc.Hai, 
h.i.t.man, 
4v4FuknNoobKunt, 
Epitome, 
alpha-red, 
AvireX, 
deez.nutz Chat log
          
(01:00 / All) Gobiner: this is gonna be epic
(01:04 / All) kunt.roII: heh
(01:06 / All) kunt.roII: gl hf
(02:03 / All) kunt.roII: are you noob?
(02:06 / All) Gobiner: nah :)
(05:42 / All) kunt.roII: u forgot the creeps
(05:54 / All) Gobiner: which creeps
(06:08 / All) kunt.roII: the murlocs
(06:21 / All) kunt.roII: omg this one too
(06:25 / All) Gobiner: :)
(09:38 / All) Gobiner: my creeps :(
(09:41 / All) kunt.roII: haha
(12:14 / All) kunt.roII: Lol
(15:27 / All) kunt.roII: i have map control now.
(15:29 / All) kunt.roII: or should i say
(15:30 / All) Gobiner: o?
(15:31 / All) kunt.roII: map kuntroll
(16:18 / All) kunt.roII: lol
(16:22 / All) kunt.roII: such a noob
(17:20 / All) kunt.roII: omg
(18:27 / All) Gobiner: this game ... epic
(18:37 / All) kunt.roII: l;eaver
(18:38 / All) kunt.roII: banned
(19:28 / All) Gobiner: why is everyone leaving???
(19:33 / All) kunt.roII: cause u suck
(19:35 / All) Gobiner: :(
(21:17 / All) Gobiner: jerk :(
(21:28 / All) kunt.roII: u shoulda made pidgeys
(23:26 / All) kunt.roII: LMAO
(24:16 / All) kunt.roII: i geiv up